 Dungeon Crawl Stone Soup version 0.17-a0-18-gc25b939 (webtiles) character file.

255 Chiseanne the Shield-Bearer (level 6, -2/49 HPs)
             Began as a Formicid Fighter on Mar 10, 2015.
             Slain by an iguana (10 damage)
             ... on level 4 of the Dungeon.
             The game lasted 00:07:23 (2562 turns).

Chiseanne the Shield-Bearer (Formicid Fighter)      Turns: 2562, Time: 00:07:23

Health: -2/49      AC: 11    Str: 20    XL:     6   Next: 38%
Magic:  8/8        EV:  4    Int: 10    God:
Gold:   161        SH: 10    Dex: 10    Spells: 0 memorised, 5 levels left

rFire  . . .     SeeInvis +     a - +2 war axe
rCold  . . .     Clarity  .     n - +0 plate armour
rNeg   . . .     SustAb   .     c - +0 shield
rPois  .         Gourm    .     (helmet unavailable)
rElec  .         Spirit   .     (no cloak)
rCorr  .         Warding  .     (no gloves)
rMut   .         Stasis   +     (no boots)
MR     +....                    (no amulet)
Stlth  ..........               (no ring)
                                m - ring of protection from magic

@: somewhat resistant to hostile enchantments, extremely unstealthy
A: permanent stasis, dig shafts and tunnels, four strong arms, antennae 3
a: Dig, Shaft Self


You were on level 4 of the Dungeon.
You were hungry.

You visited 1 branch of the dungeon, and saw 4 of its levels.

You collected 161 gold pieces.

Inventory:

Hand weapons
 a - a +2 war axe (weapon)
 s - a +0 flail of holy wrath
Missiles
 e - a throwing net (quivered)
 p - 20 bolts
 q - 18 poisoned needles
Armour
 c - a +0 shield (worn)
 n - a +0 plate armour (worn)
Jewellery
 m - a ring of protection from magic (left hand)
Magical devices
 g - a wand of disintegration (13)
Scrolls
 f - 2 scrolls of amnesia
 o - a scroll of identify
Potions
 b - a potion of poison {unknown}
 i - a potion of curing {unknown}
 r - a potion of flight {unknown}
 t - a potion of brilliance {unknown}
Comestibles
 d - 2 bread rations
 k - 3 fruits
 l - 3 meat rations


   Skills:
 * Level 4.3 Fighting
 * Level 3.7 Axes
 * Level 4.2 Armour
 - Level 0.3 Dodging
 * Level 5.3 Shields


You had 5 spell levels left.
You didn't know any spells.

Dungeon Overview and Level Annotations

Branches:
Dungeon (4/15)
 Temple: D:4-7

Altars:
The Shining One

Annotations:
D:4 Chiseanne's ghost, experienced GrNe


Innate Abilities, Weirdness & Mutations

You are under a permanent stasis effect.
You can dig through walls and to a lower floor.
Your four strong arms can wield two-handed weapons with a shield.
You have a pair of large antennae on your head (SInv).


Message History

You miss the hound. You block the hound's attack.
The hound bites you but does no damage.
You completely miss the hound. The hound bites you but does no damage.
You block the hound's attack.
You slash the hound!
The hound is heavily wounded.
The hound bites you.
* * * LOW HITPOINT WARNING * * *
The hound bites you but does no damage.
You hit the hound.
The hound is severely wounded.
The hound bites you but does no damage. The hound barely misses you.
You slash the hound!
You kill the hound!
Your shield and plate armour prevent you from hitting the iguana.
The iguana bites you.
* * * LOW HITPOINT WARNING * * *
You hit the iguana but do no damage. You block the iguana's attack.
The iguana bites you!
You die...

### ####{## #
#@#{#.###.####
##l###.{.....#
### #.##.##.#
#.# #{# #.#
#.# .#.###
#o###.......
###
#.......#...
..#
###.###.#.#


You could see an iguana.

Vanquished Creatures
  A hound (D:4)
  An orc wizard (D:3)
  Jessica (D:3)
  5 adders
  3 gnolls (D:3)
  A giant mite (D:4)
  2 worms (D:3)
  A giant gecko (D:2)
  2 oozes
  7 orcs (D:3)
  8 bats
  A bat skeleton (D:4)
  6 giant cockroaches
  6 goblins
  11 hobgoblins
  3 jackals
  2 quokkas
  A ball python (D:3)
  4 giant newts
  11 kobolds
  10 rats
87 creatures vanquished.

Notes
Turn   | Place    | Note
--------------------------------------------------------------
     0 | D:1      | Chiseanne, the Formicid Fighter, began the quest for the Orb.
     0 | D:1      | Reached XP level 1. HP: 18/18 MP: 1/1
   152 | D:1      | Reached XP level 2. HP: 24/24 MP: 3/3
   499 | D:1      | Reached skill level 4 in Shields
   561 | D:1      | Reached XP level 3. HP: 29/29 MP: 4/4
  1018 | D:2      | Found a glowing golden altar of the Shining One.
  1036 | D:2      | Reached XP level 4. HP: 7/36 MP: 5/5
  1742 | D:3      | Reached XP level 5. HP: 40/42 MP: 7/7
  1759 | D:3      | Reached skill level 5 in Shields
  2314 | D:3      | Noticed Jessica
  2333 | D:3      | Killed Jessica
  2333 | D:3      | Reached XP level 6. HP: 41/48 MP: 8/8
  2474 | D:3      | You fall through a shaft!
  2496 | D:4      | Noticed Chiseanne's ghost (experienced GrNe)
  2562 | D:4      | Slain by an iguana

Action                   |  1- 3 |  4- 6 || total
-------------------------+-------+-------++-------
Melee: War axe           |   122 |   190 ||   312
 Abil: Dig               |     4 |     6 ||    10
       Shaft Self        |       |     1 ||     1
  Use: Potion            |     1 |     2 ||     3
       Scroll            |       |     7 ||     7
  Eat: Chunk             |     1 |     6 ||     7
